 Dungeon Crawl Stone Soup version 0.31.0-1-g2c135a008e (webtiles) character file.

Game seed: 22004246015994839

77 qw the Shooter (level 4, -2/34 HPs)
             Began as a Djinni Hunter on Jan 24, 2024.
             Slain by Sigmund
             ... wielding a +1 scythe of protection
              (7 damage)
             ... on level 2 of the Dungeon.
             The game lasted 00:00:04 (1188 turns).

qw the Shooter (Djinni Hunter)                      Turns: 1188, Time: 00:00:05

Health: -2/34      AC:  9    Str: 10    XL:     4   Next: 58%
Gold:   100        EV: 11    Int: 11    God:
                   SH:  0    Dex: 18

rFire   + + .        a - +0 shortbow
rCold   x . .        (shield currently unavailable)
rNeg    . . .        k - +0 ring mail
rPois   inf          (no helmet)
rElec   .            (no cloak)
rCorr   .            (no gloves)
SInv    .            (boots unavailable)
Will    .....        (no amulet) Stlth
                     e - +4 ring of protection
HPRegen 0.25/turn    (no ring)
MPRegen 0.00/turn

%: infuse magic (-3 HP)
@: confused, flying
A: sickness immunity, fire resistance 2, cold vulnerability 1, float, innate
caster, HP casting, extra vitality 1
a: no special abilities


You were on level 2 of the Dungeon.
You visited 1 branch of the dungeon, and saw 2 of its levels.

You collected 100 gold pieces.


Innate Abilities, Weirdness & Mutations

You are immune to sickness and miasma.
You are immune to poison.
Your flesh is very heat resistant. (rF++)
You are vulnerable to cold. (rC-)
You float through the air rather than walking.
You learn spells naturally, not from books.
Your magical power is your life essence.
You have superior vitality. (+4 MHP)


   Skills:
 + Level 2.9 Fighting
 - Level 4.0 Ranged Weapons
 - Level 1.7 Armour
 - Level 2.1 Dodging
 - Level 0.7 Stealth


You knew the following spells:

 Your Spells              Type           Power      Damage    Failure   Level
a - Summon Small Mammal   Summ           0%         N/A       65%         1
Your spell library was empty.

Inventory:

Hand Weapons
 a - a +0 shortbow (weapon)
Armour
 k - a +0 ring mail (worn)
Jewellery
 e - a +4 ring of protection (left hand)
 f - a ring of wizardry
Scrolls
 b - a scroll of immolation {unknown}
 c - a scroll of fog {unknown}
Potions
 d - a potion of magic {unknown}
 h - a potion of might
 i - 2 potions of curing

Dungeon Overview and Level Annotations

Branches:
Dungeon (2/15)

Altars:

Annotations:
D:2 Sigmund


Message History

The arrow hits Sigmund but does no damage.
Sigmund is heavily wounded.
Sigmund hits you from afar with a +1 scythe of protection.
You shoot an arrow. The arrow closely misses Sigmund.
Sigmund barely misses you.
You shoot an arrow.
The arrow hits Sigmund but does no damage.
Sigmund is heavily wounded.
Sigmund gestures wildly while chanting.
Sigmund flickers and vanishes!
Deactivating autopickup; reactivate with Ctrl-A.
You shoot an arrow. Something completely misses you.
You shoot an arrow. Something hits you but does no damage.
You shoot an arrow.
You hear some strange, mumbled words.
You are confused.
You shoot an arrow. Something hits you!
You shoot an arrow. Something hits you.
You shoot an arrow. Something hits you!
You shoot an arrow.
A magic dart appears from out of thin air!
The magic dart hits you but does no damage.
You shoot an arrow.
You feel less confused. Something hits you but does no damage.
You shoot an arrow. Something hits you.
You shoot an arrow. Something hits you.
You shoot an arrow.
You hear some strange, mumbled words.
You are confused.
You shoot an arrow. Something hits you!
You die...

###### ### ### #.....
.......####.####
.##.##.......#
.#...#.##.##.###
##{......#...#.#..
###..#.........%.#.#
#..@.##.......%#.#
#.#......##...##.# #
#.#.##...##......#..
#...#........##.##.#
#.............#.##.#
#...#...#.........#.
####.#.##.##.#...#.##..
#.....[......##.##.#...
#.#####..#.#.......#<..


There were no monsters in sight!

Vanquished Creatures
  Jessica (D:2)
  6 ball pythons (D:1)
  5 bats (D:1)
  4 endoplasms (D:1)
  A giant cockroach (D:2)
  6 goblins
  6 hobgoblins
  6 jackals (D:1)
  2 quokkas (D:2)
  A frilled lizard (D:2)
  8 rats
46 creatures vanquished.

Notes
Turn   | Place    | Note
-------+----------+-------------------------------------------
     0 | D:1      | qw the Djinni Hunter began the quest for the Orb.
     0 | D:1      | Reached XP level 1. HP: 18/18 MP: 0/0
     0 | D:1      | 0 ||| qw: Version: 0.3-a-136-gdd3b4e8
     0 | D:1      | 0 ||| qw: Game counter: 1220
     0 | D:1      | 0 ||| qw: Melee chars always use a shield: true
     0 | D:1      | 0 ||| qw: God list: Okawaru
     0 | D:1      | 0 ||| qw: Allow faded altars: false
     0 | D:1      | 0 ||| qw: Do Orc after clearing Dungeon:15 true
     0 | D:1      | 0 ||| qw: Do second Lair branch before Depths: true
     0 | D:1      | 0 ||| qw: Lair rune preference: random
     0 | D:1      | 0 ||| qw: Goals: Normal
     0 | D:1      | 0 ||| PLANNING D:1-11
   117 | D:1      | Reached XP level 2. HP: 23/23 MP: 0/0
   490 | D:1      | Reached XP level 3. HP: 19/28 MP: 0/0
   490 | D:1      | Learned a level 1 spell: Summon Small Mammal
   493 | D:1      | Reached skill level 4 in Ranged Weapons
   497 | D:1      | HP: 6/28 [rat (3)]
   807 | D:1      | 807 ||| UPGRADING to +0 ring mail.
   817 | D:1      | 817 ||| DROPPING +0 leather armour.
   818 | D:1      | 818 ||| UPGRADING to +4 ring of protection.
   819 | D:1      | 819 ||| READING scroll labelled MEUS NIAGIXZINTUE.
   822 | D:1      | 822 ||| READING scroll labelled YFFAMP GINU.
   823 | D:1      | 823 ||| READING 2 scrolls labelled GOCEENKONO.
   823 | D:1      | 823 ||| IDENTIFYING yellow potion
   824 | D:1      | 824 ||| READING scroll of identify.
   824 | D:1      | 824 ||| IDENTIFYING 2 lumpy emerald potions
   825 | D:1      | 825 ||| READING scroll labelled AWYW BUPSIEF.
   826 | D:1      | 826 ||| DROPPING scroll of butterflies.
   877 | D:2      | Noticed Jessica
   882 | D:2      | Killed Jessica
   883 | D:2      | Reached skill level 1 in Armour
   883 | D:2      | Reached XP level 4. HP: 34/34 MP: 0/0
  1167 | D:2      | Noticed Sigmund
  1185 | D:2      | HP: 8/34 [something (6)]
  1188 | D:2      | Slain by Sigmund

Levels and vault maps discovered:
D:1:      dpeg_arrival_rhombi, layout_loops_ring
D:2:      layout_loops_ring, hangedman_decor_clover_reticule, minivault_11,
          uniq_sigmund, uniq_crazy_yiuf_cottage, uniq_jessica

Skill      XL: |  1  2  3 |
---------------+----------+-----
Ranged Weapons | 4 |  4.0
Armour         | 1 |  1.7
Fighting       | |  2.9
Dodging        | |  2.1
Stealth        | |  0.7

Action                     |  1- 3 |  4- 6 || total
---------------------------+-------+-------++-------
   Fire: Shortbow          |    86 |    47 ||   133
    Use: Scroll            |     5 |       ||     5
 Armour: Leather armour    |    38 |       ||    38
         Ring mail         |       |    17 ||    17
  Dodge: Dodged            |    47 |     9 ||    56

Table legend:
 A = Non-vault XP
 B = Vault XP
 C = Vault XP percentage of total XP
 D = Non-vault monster count
 E = Vault monster count
 F = Vault count percentage of total count
                 A         B        C        D         E       F
            +---------+---------+-------+---------+---------+-------
      Total |      73 |      37 |  33.6 |      45 |       1 |   2.2
            +---------+---------+-------+---------+---------+-------
        D:1 |      57 |       0 |   0.0 |      36 |       0 |   0.0
        D:2 |      16 |      37 |  69.8 |       9 |       1 |  10.0
            +---------+---------+-------+---------+---------+-------
